AoeStats
← HAKUNA MATATA

Arabia

503818078Analyzed
4v4 RM · 1mo ago on Sep 2, 2026· 35m 44s· 8 players
Game mode
Random Map
Map size
Large (8 player)
Population
200
Speed
Normal
Resources
Standard
Victory
Conquest
Starting age
Dark Age
Ending age
Imperial Age
RankedLock teamsTeams togetherTeam positionsShared explorationLock speedFull tech treeHidden civsTurbo modeCheats
Victory
Defeat
🇨🇳 Byzantines · China
1502
+8
🇦🇺 Magyars · Australia
1372
+14
🇱🇹 Britons · Lithuania
1273
+18
🇨🇳 Inca · China
1270
+18
🇭🇰 Ethiopians · Hong Kong SAR China
1503
-22
🇹🇼 Bohemians · Taiwan
1335
-15
🇯🇵 Magyars · Japan
1283
-13
🇹🇷 Franks · Türkiye
1170
-8
LagiPup
8:44 Feudal Age
9:25 Double-Bit Axe
10:43 Loom
14:10 Fletching
15:36 Padded Archer Armor
22:30 Castle Age
22:31 Crossbowman
23:07 Bodkin Arrow
24:53 Gold Mining
24:43 Horse Collar
27:19 Ballistics
28:06 Leather Archer Armor
35:02 Wheelbarrow
タンヤ
6:45 Loom
9:16 Feudal Age
9:46 Double-Bit Axe
12:17 Fletching
17:35 Wheelbarrow
23:22 Castle Age
24:45 Bow Saw
べにいろもみじ
2:22 Loom
10:05 Feudal Age
11:18 Double-Bit Axe
12:43 Horse Collar
16:37 Scale Barding Armor
21:40 Bloodlines
24:38 Castle Age
24:42 Light Cavalry
25:26 Husbandry
25:47 Chain Barding Armor
27:42 Wheelbarrow
27:40 Gold Mining
34:11 Heavy Plow
34:21 Bow Saw
HAKUNA MATATA
1:25 Loom
7:30 Loom
9:46 Feudal Age
10:28 Double-Bit Axe
16:41 Scale Barding Armor
17:32 Forging
21:57 Castle Age
23:38 Husbandry
25:30 Light Cavalry
Bangputys
8:21 Loom
10:08 Feudal Age
11:37 Loom
12:12 Double-Bit Axe
13:55 Fletching
25:10 Castle Age
23:46 Padded Archer Armor
24:27 Gold Mining
25:11 Crossbowman
25:52 Bodkin Arrow
27:18 Ballistics
27:41 Wheelbarrow
28:14 Leather Archer Armor
27:54 Town Watch
30:17 Hand Cart
31:37 Town Patrol
Alicat
8:41 Feudal Age
9:42 Double-Bit Axe
18:09 Loom
18:44 Scale Barding Armor
18:54 Bloodlines
21:02 Castle Age
19:24 Bloodlines
19:09 Horse Collar
21:04 Light Cavalry
21:45 Husbandry
22:06 Chain Barding Armor
22:08 Bow Saw
23:29 Wheelbarrow
23:46 Heavy Plow
26:43 Gold Mining
33:32 Town Watch
37:05 Imperial Age
35:34 Devotion
迷途小羔羊
7:02 Loom
9:26 Feudal Age
10:25 Double-Bit Axe
13:56 Fletching
17:08 Padded Archer Armor
18:43 Wheelbarrow
23:33 Castle Age
22:42 Gold Mining
23:53 Crossbowman
25:51 Bodkin Arrow
26:10 Bow Saw
31:48 Imperial Age
30:16 Leather Archer Armor
30:54 Ballistics
32:13 Thumb Ring
32:41 Bracer
36:00 Chemistry
小米哥哥
9:00 Feudal Age
9:48 Double-Bit Axe
12:02 Fletching
15:03 Padded Archer Armor
21:18 Castle Age
19:16 Gold Mining
22:01 Bodkin Arrow
21:47 Crossbowman
22:55 Bow Saw
22:28 Horse Collar
26:06 Ballistics
29:24 Thumb Ring
30:22 Wheelbarrow
30:40 Leather Archer Armor
35:08 Imperial Age
33:24 Hand Cart
33:45 Gold Shaft Mining
33:12 Heavy Plow
35:08 Scale Mail Armor
35:10 Squires
35:09 Town Watch
34:58 Champi Runner
36:05 Chain Mail Armor
35:54 Bracer
36:59 Chemistry
36:29 Chain Mail Armor
Connection lost

Rejoining the realm…

Still unreachable

The connection could not be restored.

Session expired

The server has moved on; the page needs a fresh start.